 Dungeon Crawl Stone Soup version 0.17-a0-1617-gfba1302 (webtiles) character file.

170 urechis the Cudgeler (level 5, -2/57 HPs)
             Began as an Ogre Fighter on Aug 1, 2015.
             Killed by divine providence
             ... invoked by an orc priest
              (10 damage)
             ... on level 3 of the Dungeon.
             The game lasted 00:02:55 (2493 turns).

urechis the Cudgeler (Ogre Fighter)                 Turns: 2493, Time: 00:02:56

Health: -2/57      AC:  3    Str: 22    XL:     5   Next: 50%
Magic:  14/14      EV:  8    Int:  7    God:
Gold:   76         SH:  9    Dex:  9    Spells: 0 memorised, 4 levels left

rFire  . . .     SeeInvis .     a - +0 flail
rCold  . . .     Clarity  .     b - +0 robe
rNeg   . . .     SustAt   .     c - +0 shield
rPois  .         Gourm    .     (helmet restricted)
rElec  .         Spirit   .     (no cloak)
rCorr  .         Warding  .     (gloves unavailable)
rMut   .         Stasis   .     (boots unavailable)
MR     .....                    k - amulet of faith
Stlth  +.........               (no ring)
                                i - ring of magical power

@: not resistant to hostile enchantments, very unstealthy
A: unfitting armour, tough skin 1
a: no special abilities


You were on level 3 of the Dungeon.
You were not hungry.

You visited 1 branch of the dungeon, and saw 3 of its levels.

You collected 76 gold pieces.

Inventory:

Hand weapons
 a - a +0 flail (weapon)
Missiles
 h - 7 tomahawks (quivered)
Armour
 b - a +0 robe (worn)
 c - a +0 shield (worn)
Jewellery
 i - a ring of magical power (left hand)
 k - an amulet of faith (around neck)
Scrolls
 r - a scroll of identify {unknown}
 s - 3 scrolls of random uselessness {unknown}
Potions
 d - a potion of might
 f - a potion of lignification {unknown}
 j - a potion of haste {unknown}
 n - a potion of heal wounds {unknown}
 p - 2 potions of curing {unknown}
 q - a potion of invisibility {unknown}
Comestibles
 e - a bread ration
 g - 4 meat rations
 l - a beef jerky
 m - 2 fruits
 o - a royal jelly
 t - 2 chunks of flesh


   Skills:
 + Level 5.0 Fighting
 * Level 5.8 Maces & Flails
 - Level 2.6 Dodging
 + Level 3.4 Shields


You had 4 spell levels left.
You didn't know any spells.

Dungeon Overview and Level Annotations

Branches:
Dungeon (3/15)

Altars:
Elyvilon
Beogh


Innate Abilities, Weirdness & Mutations

You are too large for most types of armour.
You have tough skin (AC +1).


Message History

You block the orc priest's attack.
You hit the orc priest.
You kill the orc priest!
Your Fighting skill increases to level 5!
The orc hits you but does no damage.
You closely miss the orc.
The orc priest mumbles some strange prayers to Beogh against you.
Something smites you!
* * * LOW HITPOINT WARNING * * *
The orc closely misses you.
You thump the orc!
You kill the orc!
The orc priest invokes the aid of Beogh against you.
Pain shoots through your body!
* * * LOW HITPOINT WARNING * * *
You closely miss the orc priest. The orc priest barely misses you.
You completely miss the orc priest.
The orc priest invokes the aid of Beogh against you.
Something smites you!
You die...

### ######### ##$$$
#........ #$8.8o### #@#
######_.$o.'.###o#....#
.....#.8.8.#.....#.##.#
.....##.$. #####.#.##.#
......### #.#.##.#
.......# #.#.##.#
.......#########.#.##.#
.......#.....)...#.##.#
.>.....#.#########.##.#


You could see an orc priest.

Vanquished Creatures
  An orc priest (D:3)
  3 gnolls (D:2)
  5 adders
  An ooze (D:2)
  A worm (D:2)
  A giant gecko (D:3)
  3 orcs (D:3)
  A ball python (D:3)
  5 bats
  3 giant cockroaches
  9 hobgoblins
  4 jackals (D:3)
  4 kobolds
  A quokka (D:3)
  4 giant newts
  6 goblins
  3 rats (D:2)
55 creatures vanquished.

Notes
Turn   | Place    | Note
--------------------------------------------------------------
     0 | D:1      | urechis the Ogre Fighter began the quest for the Orb.
     0 | D:1      | Reached XP level 1. HP: 24/24 MP: 1/1
   442 | D:1      | Reached XP level 2. HP: 26/32 MP: 2/2
   823 | D:2      | Reached XP level 3. HP: 38/40 MP: 3/3
  1099 | D:2      | Reached XP level 4. HP: 18/49 MP: 4/4
  1327 | D:2      | Found a white marble altar of Elyvilon.
  1528 | D:2      | Reached skill level 5 in Maces & Flails
  2116 | D:3      | Reached XP level 5. HP: 47/55 MP: 5/5
  2471 | D:3      | Found a roughly hewn altar of Beogh.
  2489 | D:3      | Reached skill level 5 in Fighting
  2493 | D:3      | Killed from afar by an orc priest

Vault maps used:
D:1:      lemuel_arrival_tunnels, minmay_misc_feat_doors
D:2:      elyvilon_altar_3
D:3:      kennysheep_orc_chapel

Action                   |  1- 3 |  4- 6 || total
-------------------------+-------+-------++-------
Melee: Flail             |    64 |   157 ||   221
  Eat: Chunk             |     1 |     4 ||     5
